 Dungeon Crawl Stone Soup version 0.21.1-1-g345015fe64 (webtiles) character file.

49 Gargoyl the Skirmisher (level 3, -3/33 HPs)
             Began as a Centaur Abyssal Knight on May 22, 2018.
             Was a Follower of Lugonu.
             Slain by a gnoll
             ... wielding a +0 whip
              (10 damage)
             ... on level 2 of the Dungeon.
             The game lasted 00:02:48 (1411 turns).

Gargoyl the Skirmisher (Centaur Abyssal Knight)     Turns: 1411, Time: 00:02:48

Health: -3/33      AC:  5    Str: 15    XL:     3   Next: 51%
Magic:  4/4        EV:  7    Int: 11    God:    Lugonu [*.....]
Gold:   74         SH:  3    Dex: 12    Spells: 2/2 levels left

rFire    . . .     SeeInvis +   a - +3 hand axe
rCold    . . .     Gourm    .   b - +0 buckler
rNeg     . . .     Faith    .   g - +0 ring mail
rPois    .         Spirit   .   (no helmet)
rElec    .         Reflect  .   (no cloak)
rCorr    .         Harm     .   (no gloves)
MR       .....                  (no barding)
Stlth    ..........             (no amulet)
HPRegen  0.11/turn              e - +4 ring of dexterity
MPRegen  0.09/turn              f - ring of see invisible

@: drained, very quick
A: large, hooves 3, deformed body, speed 2, tough skin 3
a: Depart the Abyss, Renounce Religion


You were on level 2 of the Dungeon.
You worshipped Lugonu.
Lugonu was aware of your devotion.
You were hungry.

You visited 1 branch of the dungeon, and saw 2 of its levels.
You visited the Abyss 1 time.

You collected 74 gold pieces.

Inventory:

Hand Weapons
 a - a +3 hand axe (weapon)
Missiles
 i - 6 javelins (quivered)
Armour
 b - a +0 buckler (worn)
 g - a +0 ring mail (worn)
Jewellery
 e - a +4 ring of dexterity (left hand)
 f - a ring of see invisible (right hand)
 l - a +5 amulet of reflection {unknown}
Scrolls
 n - 2 scrolls of magic mapping
Potions
 d - a potion of flight
 h - a potion of brilliance
 k - a potion of degeneration {unknown}
Comestibles
 c - 5 rations


   Skills:
 + Level 3.6(3.5) Fighting
 + Level 2.2(2.1) Axes
 * Level 1.8(1.7) Armour
 + Level 0.8(0.7) Dodging
 * Level 2.4(2.2) Invocations


You had 2 spell levels left.
You didn't know any spells.

Dungeon Overview and Level Annotations

Branches:
Dungeon (2/15)

Altars:
Kikubaaqudgha
Makhleb
Sif Muna
Zin


Innate Abilities, Weirdness & Mutations

You have hooves in place of feet.
Armour fits poorly on your strangely shaped body.
You cover ground very quickly.
You have extremely tough skin. (AC +3)


Message History

You hit the gnoll but do no damage.
The gnoll is moderately wounded.
The gnoll hits you but does no damage.
You slash the gnoll!
The gnoll is severely wounded.
The gnoll hits you with a spear.
You barely miss the gnoll. Your kick misses the gnoll.
The gnoll is severely wounded.
The gnoll hits you with a spear.
You barely miss the gnoll. Your kick misses the gnoll.
The gnoll is severely wounded.
The gnoll barely misses you.
You closely miss the gnoll.
You kill the gnoll!
Lugonu accepts your kill.
You barely miss the gnoll. The gnoll hits you with a whip!
* * * LOW HITPOINT WARNING * * *
You barely miss the gnoll. Your kick misses the gnoll.
The gnoll hits you but does no damage. The gnoll hits you with a whip!
You die...

### ***
#########.###********,***********
..........#..,,,,,,,,,*,,,,,,,,,,
.########.#.#********,*,*********
.#### #.#.# *,*,* ....# #.#.#
*,*,* ###.## #.#.#########,*,*
#....####.#.....@g..#,*,*
#......##.#########.#.#,*
#....#.#..............#,*
#....#.#......#####...#,*
.....#......#.#***###.#,*
.....#......#...,,,,*g#,*****
.....+............,,,.g,,,,>*
....(#......####.#*,*,#g***,*
#....#......# *.#*,*,*.# *,*


You could see a gnoll.

Vanquished Creatures
  A gnoll (D:2)
  An ufetubus (Abyss:1)
  5 bats
  2 giant cockroaches (D:1)
  5 goblins (D:1)
  3 hobgoblins
  A quokka (D:2)
  3 ball pythons
  9 kobolds
  3 rats (D:1)
33 creatures vanquished.

Notes
Turn   | Place    | Note
-------+----------+-------------------------------------------
     0 | Abyss:1  | Gargoyl the Centaur Abyssal Knight began the quest for the Orb.
     0 | Abyss:1  | Reached XP level 1. HP: 19/19 MP: 2/2
    79 | Abyss:1  | Noticed a large abomination
    85 | Abyss:1  | Noticed a starcursed mass
    86 | D:1      | Escaped the Abyss
    96 | D:1      | Reached XP level 2. HP: 3/26 MP: 1/3
   587 | D:1      | Reached * piety under Lugonu
   909 | D:1      | Reached XP level 3. HP: 28/31 MP: 4/4
  1187 | D:2      | Found a deep blue altar of Sif Muna.
  1226 | D:2      | Found an ancient bone altar of Kikubaaqudgha.
  1229 | D:2      | Found a burning altar of Makhleb.
  1232 | D:2      | Found a glowing silver altar of Zin.
  1411 | D:2      | Slain by a gnoll

Skill      XL: |  1  2 |
---------------+-------+-----
Axes           | 2 |  2.2
Fighting       | |  3.6
Armour         | |  1.8
Dodging        | |  0.8
Invocations    | |  2.4

Action                   || total
-------------------------++-------
Melee: Hand axe          ||    66
       Kick              ||    17
Invok: Depart the Abyss  ||     1
  Use: Scroll            ||     6
       Potion            ||     1
Armor: Leather armour    ||     4
       Ring mail         ||    24
       Chain mail        ||     8
Dodge: Dodged            ||    27
Block: Buckler           ||     5
